 Dungeon Crawl Stone Soup version 0.28-a0-796-gd4f0d3f9b2 (webtiles) character file.

Game seed: 2465806699808078662

271 BinkBink the Conjurer (level 6, -2/33 HPs)
             Began as a Deep Elf Conjurer on Nov 6, 2021.
             Slain by a black bear (3 damage)
             ... on level 5 of the Dungeon.
             The game lasted 00:11:05 (4444 turns).

BinkBink the Conjurer (Deep Elf Conjurer)           Turns: 4444, Time: 00:11:06

Health: -2/33      AC:  5    Str:  4    XL:     6   Next: 2%
Magic:  4/16       EV: 12    Int: 25    God:
Gold:   183        SH:  0    Dex: 13    Spells: 10/16 levels left

rFire   . . .      SeeInvis .   (no weapon)
rCold   . . .      Faith    .   (no shield)
rNeg    . . .      Spirit   .   a - +0 robe
rPois   .          Reflect  .   o - +2 helmet
rElec   .          Harm     .   (no cloak)
rCorr   .          Rampage  .   (no gloves)
Will    .....                   (no boots)
Stlth   ++........              (no amulet)
HPRegen 0.11/turn               (no ring)
MPRegen 0.15/turn               (no ring)

@: very slightly contaminated
A: no striking features
a: no special abilities


You were on level 5 of the Dungeon.
You visited 1 branch of the dungeon, and saw 5 of its levels.

You collected 209 gold pieces.
You spent 26 gold pieces at shops.

Inventory:

Armour
 a - a +0 robe (worn)
 l - a +0 crystal plate armour
 o - a +2 helmet (worn)
Jewellery
 r - an amulet of regeneration
Wands
 f - a wand of digging (3)
Scrolls
 e - a scroll of enchant armour {unknown}
 h - 6 scrolls of identify {unknown}
 j - 2 scrolls of magic mapping {unknown}
 k - 2 scrolls of teleportation {unknown}
 m - a scroll of blinking {unknown}
 s - a scroll of noise {unknown}
Potions
 b - a potion of invisibility {unknown}
 d - 2 potions of lignification {unknown}
 g - 2 potions of ambrosia {unknown}
 i - a potion of curing {unknown}
 n - a potion of haste {unknown}
 p - a potion of mutation {unknown}
 q - a potion of berserk rage {unknown}


   Skills:
 + Level 0.3 Fighting
 - Level 2.4 Dodging
 - Level 2.4 Stealth
 + Level 5.7 Spellcasting
 + Level 6.8 Conjurations


You had 10 spell levels left.
You knew the following spells:

 Your Spells              Type           Power      Damage    Failure   Level
a - Magic Dart            Conj           100%       1d8       1%          1
b - Searing Ray           Conj           82%        2d7       1%          2
c - Dazzling Flash        Conj/Hex       48%        N/A       6%          3

Your spell library contained the following spells:

 Spells                   Type           Power      Damage    Failure   Level
 Fulminant Prism          Conj/Hex       12%        3d9       19%         4
 Iskenderun's Mystic Bla  Conj/Tloc      24%        2d7       19%         4


Dungeon Overview and Level Annotations

Branches:
Dungeon (5/15)
 Temple: D:4-7

Altars:
Makhleb
Wu Jian
Xom

Shops:
D:1 *

Annotations:
D:5 1 transporter, fly's ghost, weakling FoDe


Message History

The black bear claws you. The black bear completely misses you.
The black bear claws you but does no damage.
The black bear completely misses you.
The magic dart hits the black bear.
The black bear is severely wounded.
An orc comes into view. It is wielding a +0 club.
The black bear barely misses you. The black bear claws you. x2
The magic dart hits the black bear.
The black bear is severely wounded.
The orc shouts!
The black bear barely misses you. x2; The black bear claws you.
The black bear barely misses you. x2; The black bear claws you.
You hear a shout!
The black bear closely misses you. x3
The black bear bites you but does no damage.
The black bear barely misses you. The black bear claws you.
* * * LOW HITPOINT WARNING * * *
As you read the scroll of fog, it crumbles to dust.
The scroll dissolves into smoke.
The black bear completely misses you. The black bear claws you.
* * * LOW HITPOINT WARNING * * *
The black bear barely misses you. The black bear bites you.
* * * LOW HITPOINT WARNING * * *
The black bear claws you.
* * * LOW HITPOINT WARNING * * *
The black bear closely misses you.
Casting: Magic Dart (safe; 1% risk of failure)
Confirm with . or Enter, or press ? or * to list all spells.
Okay, then.
Casting: Magic Dart (safe; 1% risk of failure)
Confirm with . or Enter, or press ? or * to list all spells.
Casting: Dazzling Flash (dangerous; 6% risk of failure)
Press: ? - help, Dir - look around, f - activate Look: a black bear (black smoke, severely wounded, berserk, chance to dazzle: 56%)
You miscast Dazzling Flash.
You are very lightly contaminated with residual magic.
Nothing appears to happen.
The black bear barely misses you. The black bear claws you.
You die...

.#..#..# #..........
...o#..#
#..o..........#
.#.o#..#
#."...........#
..#o#..#
#..o..........##
..rZ#..#
##..#......>....
Wr8##..#
#o§§...........
####...#
##o#.##........
.......#
#h#...........
......##
#@#)##........
......#
##§#.##........
......#
###§§#...........
......#
#.#..#.##########
...(..#######.#..#.#
......#...#......#.#
#######.#.#.####.#.#
........#...# #.#.#
################.#.#


You could see a black bear (berserk) and an orc.

Vanquished Creatures
  A black bear (D:4)
  A hound (D:5)
  3 gnolls (D:4)
  3 adders
  A worm (D:3)
  3 dart slugs
  An orc (D:3)
  7 bats
  6 endoplasms
  4 giant cockroaches
  9 goblins
  6 hobgoblins
  8 jackals (D:2)
  5 quokkas
  7 ball pythons
  3 frilled lizards
  11 kobolds
  4 rats
83 creatures vanquished.

Notes
Turn   | Place    | Note
-------+----------+-------------------------------------------
     0 | D:1      | BinkBink the Deep Elf Conjurer began the quest for the Orb.
     0 | D:1      | Reached XP level 1. HP: 10/10 MP: 6/6
   235 | D:1      | Reached XP level 2. HP: 15/15 MP: 6/8
   422 | D:1      | Reached skill level 5 in Conjurations
   487 | D:1      | You fall into a shaft and drop 1 floor!
   768 | D:1      | Found Edipoula's General Store.
   777 | D:1      | Bought a scroll of fog for 26 gold pieces
   861 | D:1      | Reached XP level 3. HP: 19/19 MP: 7/9
  1610 | D:2      | Found a faded altar of an unknown god.
  1863 | D:2      | Found a shimmering altar of Xom.
  1879 | D:2      | Reached XP level 4. HP: 24/24 MP: 8/11
  2294 | D:2      | Learned a level 2 spell: Searing Ray
  2373 | D:3      | Found an ornate altar of the Wu Jian Council.
  2387 | D:3      | Found a burning altar of Makhleb.
  2838 | D:3      | Reached skill level 6 in Conjurations
  3739 | D:4      | Noticed a black bear
  3748 | D:4      | Killed a black bear
  3749 | D:4      | Reached skill level 5 in Spellcasting
  3749 | D:4      | Reached XP level 5. HP: 16/28 MP: 5/14
  4238 | D:4      | Learned a level 3 spell: Dazzling Flash
  4239 | D:5      | Entered Level 5 of the Dungeon
  4249 | D:5      | Reached XP level 6. HP: 33/33 MP: 10/16
  4303 | D:5      | Noticed fly's ghost (weakling FoDe)
  4306 | D:5      | Found a transporter.
  4443 | D:5      | HP: 1/33 [black bear (2)]
  4444 | D:5      | Slain by a black bear

Illustrated notes

Levels and vault maps discovered:
D:1:      heliophobic_arrival_ceremonial_halls, layout_loops_cross,
          serial_shops, shop
D:2:      layout_basic, hellmonk_ecumenical_altar_crossroads, basic_altar,
          skrybe_limestone_x, minmay_pentomino_p4
D:3:      layout_basic, overflow_temple_1_default, mainiacjoe_overflow_alcove_1
D:4:      layout_rooms
D:5:      layout_basic, minmay_temple_entry_nine_rooms, gammafunk_ghost_arena

Skill      XL: |  1  2  3  4 |
---------------+-------------+-----
Conjurations   | 5 6 |  6.8
Spellcasting   | 5 |  5.7
Fighting       | |  0.3
Dodging        | |  2.4
Stealth        | |  2.4

Action                   |  1- 3 |  4- 6 || total
-------------------------+-------+-------++-------
 Cast: Magic Dart        |    81 |    78 ||   159
       Searing Ray       |       |     7 ||     7
  Use: Scroll            |       |     1 ||     1
Armor: Robe              |       |     5 ||     5
Dodge: Dodged            |     3 |    20 ||    23

Table legend: (Time is in decaauts)
 A = Elapsed time spent in this place.
 B = Non-inter-level travel time spent in this place.
 C = Inter-level travel time spent in this place.
 D = Time resting spent in this place.
 E = Time spent auto-exploring this place.
 F = Levels seen in this place.
 G = Mean time per level.
                   A        B        C        D        E       F      G
               +--------+--------+--------+--------+--------+-----+--------+
         Total |   4445 |   4245 |    200 |      0 |   3778 |   5 |  889.0 |
       Dungeon |   4445 |   4245 |    200 |      0 |   3778 |   5 |  889.0 |
               +--------+--------+--------+--------+--------+-----+--------+

Top non-repeatable levels by time:
     D:3: 1419 daAuts
     D:2: 1279 daAuts
     D:1: 865 daAuts
     D:4: 675 daAuts
     D:5: 204 daAuts
